Workbook

Sheet Instructions
C2: INSTRUCTIONS | D2: KEY TERMS
C3: TEMPLATE FOR BUDGET BREAKDOWN
C4: This file will help you input budget details for your project proposal. Please follow the instructions below to ensure that all relevant information is captured. Do not skip the sheets, provide the information in given order. Please fill only the unblocked cells; all other cells are locked and not intended for modification. STEP 1: On the 'Applicant' sheet, enter the name of the venture. STEP 2: On the 'Funding' sheet, select the applicable Programme from the drop-down list. Important: Make sure you select the correct programme with accordance to the application form. The corresponding maximum EIT Culture & Creativity contribution available under this call and allocation ceilings for each cost category will appear automatically. Important: Applicants for the Scale Post-Acceleration Programme must either: - be actively fundraising with a lead investor and signed term sheet(s) of at least EUR 200,000; or - have secured at least EUR 200,000 from qualified investor(s) within the previous 18 months. Ventures that do not meet these requirements should apply under Shape. For full eligibility requirements, please refer to the Call Guidelines. Requested EIT Culture & Creativity Contribution will automatically appear once 'Cash-flow forecast' sheet is completed. Please note that the requested amount cannot exceed the amount of Maximum EIT Culture & Creativity contribution available under this call. STEP 3: On 'Cash-flow forecast' sheet, enter your expected costs under the relevant cost categories for periods Month 0 - Month 6 and Month 7 - Month 12. Indirect costs and total budget are calculated automatically. Please ensure that costs are allocated to the Horizon Europe cost category that best reflects their nature. Where the cost of the supported activity exceeds the amount available under selected Programme, an error will appear automatically. Cost Categories: - Personnel: Salaries, social security, and remuneration for employees/contractors directly working on the implementation of the venture plan; - Subcontracting: External services for the implementation of core activities of the venture plan such as software development, legal consulting, accounting and tax services, fundraising support, market research, branding and marketing services, professional mentoring, or any expert service that cannot be carried out by the venture's own team; - Travel and Subsistence: Actual costs for travel, accommodation, and meals linked to the execution of your venture plan and programme-related activities; - Other Goods and Services: Purchases of consumables, supplies, and non-subcontracted services such as CRM and productivity tools, prototyping materials, advertising spend, cloud services, co-working spaces, office supplies, etc.; - Indirect Costs: A flat-rate amount automatically calculated and equal to 25% of eligible direct costs (excluding subcontracting costs) Indirect costs cover general administrative and operational expenses that cannot be directly attributed to a specific activity, such as utilities, office management, and other organisational overheads. On the same sheet ('Cash-flow forecast'), fill in the tables below with number of FTEs, and the requested details for each cost category. Make sure inserted data and totals are consistent (error alert will pop up). For a complete description of eligible costs, applicants should refer to Eligibility of Expenditure guidelines. These can be found in call guidelines (List of call documents). STEP 4: Review the 'Budget per Cost Category' sheet. This sheet provides a summary of: - Total costs, - Requested EIT Culture & Creativity contribution. If any cost ceiling is exceeded, an error will appear automatically. Before submitting the application, ensure that Requested EIT Culture & Creativity contribution does not exceed the maximum amount available under the selected programme category (i.e. EUR 100,000 for Shape). Once completed, save the file and upload the Excel version through the application platform. | D4: Requested EIT Culture & Creativity Contribution: Financial support you are applying for from EIT Culture & Creativity (automatically calculated). Maximum EIT Culture & Creativity Contribution: The highest amount of financial support available under the selected programme category. Total Budget: The total cost of implementing your Venture Execution/Scaling Plan. Eligible Costs: Costs that comply with the eligibility requirements defined in the Call Guidelines and Annex IV. Actual-Cost Reimbursement Model: Financial support based on actual eligible costs incurred, reported, and accepted, up to the maximum amount awarded under the relevant Subgrant Agreement.

Sheet Applicant
B2: INSERT BELOW THE NAME OF APPLICANT
B3: Insert the name of your venture here
C7: ]

Sheet Funding
B2: FUNDING
B3: Select programme: | C3: Maximum EIT Culture & Creativity contribution available under this call
C4: =IF(B4="Shape – initial support", 100000, IF(B4="Scale – non-RIS", 200000, IF(B4="Scale - 100-To-Watch", 200000, IF(B4="Scale – RIS", 500000, 0)))) -> 0
B5: =IF(C4=100000, _xlfn._LONGTEXT("The budget submitted with a Shape application must cover only the initial support of up to EUR 100,000. The potential additional EUR 100,000 awarded after the Demo Day must not be included in the initial application budget. Ventures selected for additiona","l Shape support will be required at M6 to submit either an updated version of the same budget template; or a separate detailed budget covering only the additional activities and support."), IF(OR(C4=200000, C4=500000), _xlfn._LONGTEXT("Only companies that are actively fundraising with a lead investor and signed term sheet(s) of at least EUR 200,000, or that have secured at least EUR 200,000 from qualified investors within the previous 18 months, are eligible to apply for Scale Programme"," financial support (RIS/non-RIS/100-To-Watch). All other companies should apply for the Shape Acceleration Programme. Failure to follow these guidelines will result in rejected application."), "" ) )
B6: Maximum EIT reimbursement rate | C6: 1
B7: Requested EIT Culture & Creativity contribution | C7: ='Cash-flow forecast'!E9 -> 0
B9: Allocation ceilings for selected Programme: | D9: ]
B10: Personnel | C10: =IF(B4="Shape – initial support", 60000, IF(B4="Scale – non-RIS", 100000, IF(B4="Scale - 100-To-Watch", 100000, IF(B4="Scale – RIS", 300000, 0)))) -> 0
B11: Subcontracting | C11: =IF(B4="Shape – initial support", 20000, IF(B4="Scale – non-RIS", 60000, IF(B4="Scale - 100-To-Watch", 60000, IF(B4="Scale – RIS", 150000, 0)))) -> 0
B12: Travel and subsistence | C12: =IF(B4="Shape – initial support", 10000, IF(B4="Scale – non-RIS", 25000, IF(B4="Scale - 100-To-Watch", 25000, IF(B4="Scale – RIS", 25000, 0)))) -> 0
B13: Other goods and services | C13: =IF(B4="Shape – initial support", 10000, IF(B4="Scale – non-RIS", 15000, IF(B4="Scale - 100-To-Watch", 15000, IF(B4="Scale – RIS", 25000, 0)))) -> 0
B15: IMPORTANT! The requested EIT Culture & Creativity financial contribution must not exceed the maximum amount available under the selected programme.

Sheet Cash-flow forecast
B2: =Applicant!B3 -> Insert the name of your venture here | G2: Maximum EIT Culture & Creativity contribution available under this call | H2: =Funding!C4 -> 0
C3: Month 0 - Month 6 | D3: Month 7 -Month 12 | E3: TOTAL | G3: Allocation ceilings
B4: Personnel | E4: =SUM(C4:D4) -> 0 | F4: =IF(E4>H4, "Error! Check consistency among ceilings", "OK") -> OK | G4: Personnel | H4: =Funding!C10 -> 0
B5: Subcontracting | E5: =SUM(C5:D5) -> 0 | F5: =IF(E5>H5, "Error! Check consistency among ceilings", "OK") -> OK | G5: Subcontracting | H5: =Funding!C11 -> 0
B6: Travel and subsistence | E6: =SUM(C6:D6) -> 0 | F6: =IF(E6>H6, "Error! Check consistency among ceilings", "OK") -> OK | G6: Travel and subsistence | H6: =Funding!C12 -> 0
B7: Other goods and services | E7: =SUM(C7:D7) -> 0 | F7: =IF(E7>H7, "Error! Check consistency among ceilings", "OK") -> OK | G7: Other goods and services | H7: =Funding!C13 -> 0
B8: Indirect costs | C8: =SUM(C4,C6,C7)*0.25 -> 0 | D8: =SUM(D4,D6,D7)*0.25 -> 0 | E8: =SUM(C8:D8) -> 0
B9: Total costs | C9: =SUM(C4:C8) -> 0 | D9: =SUM(D4:D8) -> 0 | E9: =SUM(E4:E8) -> 0 | F9: =IF(E9>H2, "Error! Total costs cannot exceed the Maximum contribution avaliable under this call", "OK") -> OK
B11: FTEs (Full Time Equivalents) | C11: Month 0 - Month 6 | D11: Month 7 -Month 12 | E11: TOTAL
E12: =SUM(C12:D12) -> 0
B14: Personnel
B15: Personnel subcategory | D15: Staff category / role description | E15: Estimated cost related to the project | F15: Period
B26: TOTAL | E26: =SUM(E16:E25) -> 0 | G26: =IF(E26=E4, "OK", "Error! Check consistency among total") -> OK
B28: Subcontracting
B29: Item description | D29: Estimated cost related to the project | E29: Period
B40: TOTAL | D40: =SUM(D30:D39) -> 0 | F40: =IF(D40=E5, "OK", "Error! Check consistency among total") -> OK
B42: Travel and subsistence
B43: Travel description | D43: Estimated cost related to the project | E43: Period
B54: TOTAL | D54: =SUM(D44:D53) -> 0 | F54: =IF(D54=E6, "OK", "Error! Check consistency among total") -> OK
B56: Other goods and services
B57: Item description | D57: Estimated cost related to the project | E57: Period
B68: TOTAL | D68: =SUM(D58:D67) -> 0 | F68: =IF(D68=E7, "OK", "Error! Check consistency among total") -> OK

Sheet Budget per cost category
B3: =Applicant!B3 -> Insert the name of your venture here | C3: Personnel | D3: Subcontracting | E3: Travel and subsistence | F3: Other goods and services | G3: Indirect costs | H3: Total costs
B4: TOTAL | C4: ='Cash-flow forecast'!E4 -> 0 | D4: ='Cash-flow forecast'!E5 -> 0 | E4: ='Cash-flow forecast'!E6 -> 0 | F4: ='Cash-flow forecast'!E7 -> 0 | G4: ='Cash-flow forecast'!E8 -> 0 | H4: =SUM(C4:G4) -> 0 | J4: =IF(H4>F9, "Error! Your total costs are higher than requested EIT contribution", "OK") -> OK
C5: =IF('Cash-flow forecast'!E4>'Cash-flow forecast'!H4, "Error! Check consistency among ceilings", "OK") -> OK | D5: =IF('Cash-flow forecast'!E5>'Cash-flow forecast'!H5, "Error! Check consistency among ceilings", "OK") -> OK | E5: =IF('Cash-flow forecast'!E6>'Cash-flow forecast'!H6, "Error! Check consistency among ceilings", "OK") -> OK | F5: =IF('Cash-flow forecast'!E7>'Cash-flow forecast'!H7, "Error! Check consistency among ceilings", "OK") -> OK
C8: =IF(F8>F9, "Requested EIT contribution higher than allowed", "OK") -> OK | F8: =Funding!C7 -> 0 | G8: Requested EIT Culture & Creativity contribution
F9: =Funding!C4 -> 0 | G9: Maximum EIT Culture & Creativity contribution allowed by this call
F11: IMPORTANT! The requested EIT Culture & Creativity financial contribution must not exceed the maximum amount available under the selected programme.

Sheet Sheet3
A1: Shape – initial support
A2: Scale – non-RIS
A3: Scale – RIS
A4: Scale - 100-To-Watch
A7: Month 0 - Month 6
A8: Month 7 - Month 12
A10: A.1 Employees (or equivalent)
A11: A.2 Natural persons under direct contract
A12: A.3 Seconded persons
A13: A.4 SME owners and natural person beneficiaries
